 Dungeon Crawl Stone Soup version 0.19-a0-1261-g420a265 (webtiles) character file.

261 IcyTea the Slicer (level 6, 0/35 HPs)
             Began as a Kobold Assassin on Aug 29, 2016.
             Was an Initiate of Dithmenos.
             Slain by Grinder (1 damage)
             ... while paralysed by Grinder
             ... on level 3 of the Dungeon.
             The game lasted 00:10:30 (2783 turns).

IcyTea the Slicer (Kobold Assassin)                 Turns: 2783, Time: 00:10:30

Health: 0/35       AC:  4    Str:  9    XL:     6   Next: 42%
Magic:  6/6        EV:  3    Int:  9    God:    Dithmenos [......]
Gold:   165        SH:  0    Dex: 20    Spells: 0 memorised, 5 levels left

rFire  . . .     SeeInvis .     a - +2 dagger
rCold  . . .     Gourm    .     l - +0 leather armour
rNeg   . . .     Faith    .     (shield restricted)
rPois  .         Spirit   .     (no helmet)
rElec  .         Dismiss  .     d - +0 cloak
rCorr  .         Reflect  .     (no gloves)
MR     .....     Harm     .     (no boots)
Stlth  +++.......               (no amulet)
                                (no ring)
                                (no ring)

@: paralysed
A: carnivore 3
a: Renounce Religion


You were on level 3 of the Dungeon.
You worshipped Dithmenos.
Dithmenos was noncommittal.
You were completely stuffed.

You visited 1 branch of the dungeon, and saw 3 of its levels.

You collected 165 gold pieces.

Inventory:

Hand Weapons
 a - a +2 dagger (weapon)
 b - a +0 blowgun
Missiles
 e - 8 poisoned needles
 f - 2 curare-tipped needles
 h - 4 tomahawks (quivered)
Armour
 d - a +0 cloak (worn)
 l - a +0 leather armour (worn)
Scrolls
 i - a scroll of teleportation
 k - 3 scrolls of identify
 n - 2 scrolls of recharging {unknown}
 p - a scroll of enchant weapon {unknown}
 r - a scroll of remove curse {unknown}
Potions
 o - 3 potions of mutation {unknown}
Comestibles
 c - a beef jerky
 g - 2 meat rations
 j - 2 slices of pizza


   Skills:
 - Level 2.1 Fighting
 + Level 8.3 Short Blades
 - Level 2.1 Throwing
 - Level 1.3 Dodging
 - Level 5.3 Stealth


You had 5 spell levels left.
You didn't know any spells.

Dungeon Overview and Level Annotations

Branches:
Dungeon (3/15)

Altars:
Dithmenos
Nemelex Xobeh

Annotations:
D:3 Grinder


Innate Abilities, Weirdness & Mutations

You are small and have problems with some larger weapons.
You are carnivorous and can eat meat at any time.


Message History

Grinder is lightly wounded.
Grinder misses you.
You barely miss Grinder.
Grinder is lightly wounded.
You barely miss Grinder.
Grinder is lightly wounded.
Grinder gestures at you. You resist with significant effort.
You closely miss Grinder.
Grinder is lightly wounded.
You barely miss Grinder.
Grinder is lightly wounded.
Grinder gestures at you.
You suddenly lose the ability to move!
Grinder hits you.
You writhe in agony.
Grinder says, "My boss said I was rubbish.
His entrails said otherwise."
Grinder hits you!
* * * LOW HITPOINT WARNING * * *
You writhe in agony.
You die...

# ######### #
#.......######
#######.......#.@5.#
.......(.......<##.#
#######.......### .#
...†.##.......# .>
####(...#.##### ...
#....###..# ....
..##...#..# .....
######....# .....#
#######...########


You could see Grinder.

Vanquished Creatures
  A scorpion (D:3)
  An orc priest (D:3)
  Ijyb (D:3)
  Natasha (D:2)
  6 adders
  3 worms
  A dart slug (D:3)
  2 giant geckos
  8 orcs (D:3)
  3 ball pythons
  10 bats
  6 giant cockroaches
  9 hobgoblins
  2 giant newts
  2 goblins (D:2)
  7 rats
63 creatures vanquished.

Notes
Turn   | Place    | Note
-------+----------+-------------------------------------------
     0 | D:1      | IcyTea the Kobold Assassin began the quest for the Orb.
     0 | D:1      | Reached XP level 1. HP: 12/12 MP: 1/1
   205 | D:1      | Reached skill level 3 in Short Blades
   252 | D:1      | Reached XP level 2. HP: 14/17 MP: 2/2
   572 | D:1      | Reached skill level 4 in Short Blades
   736 | D:1      | Found a sparkling altar of Nemelex Xobeh.
   751 | D:1      | Reached XP level 3. HP: 21/21 MP: 3/3
  1025 | D:2      | Reached skill level 5 in Short Blades
  1121 | D:2      | Noticed Natasha
  1141 | D:2      | Killed Natasha
  1141 | D:2      | Reached XP level 4. HP: 8/26 MP: 4/4
  1420 | D:2      | Reached skill level 6 in Short Blades
  1719 | D:2      | Reached XP level 5. HP: 30/30 MP: 5/5
  1834 | D:3      | Found a shadowy altar of Dithmenos.
  1847 | D:3      | Became a worshipper of Dithmenos the Shadowed
  1898 | D:3      | Reached skill level 7 in Short Blades
  2110 | D:3      | Reached XP level 6. HP: 25/35 MP: 6/6
  2199 | D:3      | Noticed Ijyb
  2313 | D:3      | Killed Ijyb
  2313 | D:3      | Reached skill level 8 in Short Blades
  2664 | D:3      | Noticed Grinder
  2781 | D:3      | Paralysed by Grinder for 3 turns
  2783 | D:3      | HP: 1/35 [Grinder (10)]
  2783 | D:3      | Slain by Grinder

Vault maps used:
D:1:      dpeg_arrival_castle, nemelex_diamond_rough_becter
D:2:      minmay_strange_pillars, uniq_natasha
D:3:      first_bread, nicolae_dithmenos_shadow_blocks, uniq_iyjb, uniq_grinder

Skill      XL: |  1  2  3  4  5  6 |
---------------+-------------------+-----
Short Blades   | 3 4 5 6 7 8 |  8.3
Fighting       | |  2.1
Throwing       | |  2.1
Dodging        | |  1.3
Stealth        | |  5.3

Action                   |  1- 3 |  4- 6 || total
-------------------------+-------+-------++-------
Melee: Dagger            |    80 |   195 ||   275
 Fire: Blowgun           |     3 |       ||     3
  Use: Scroll            |     1 |     2 ||     3
       Potion            |     1 |     2 ||     3
 Stab: Sleeping          |    12 |     6 ||    18
  Eat: Chunk             |     1 |    13 ||    14
Armor: Robe              |     1 |       ||     1
       Leather armour    |    12 |    17 ||    29
Dodge: Dodged            |    37 |    73 ||   110
